 Dungeon Crawl Stone Soup version 0.20.1-1-g8b1a95d (webtiles) character file.

29 ShansongY the Skirmisher (level 3, -9/31 HPs)
             Began as a Draconian Skald on Dec 21, 2017.
             Was a Follower of Uskayaw.
             Killed from afar by an orc wizard (10 damage)
             ... with a magic dart
             ... on level 3 of the Dungeon.
             The game lasted 00:04:04 (1307 turns).

ShansongY the Skirmisher (Draconian Skald)          Turns: 1307, Time: 00:04:05

Health: -9/31      AC:  6    Str: 13    XL:     3   Next: 1%
Magic:  4/6        EV: 12    Int: 14    God:    Uskayaw [*.....]
Gold:   86         SH:  0    Dex: 10    Spells: 3/6 levels left

rFire    + . .     SeeInvis .   a - +0 spear
rCold    x . .     Gourm    .   (no shield)
rNeg     . . .     Faith    .   (armour unavailable)
rPois    .         Spirit   .   (helmet restricted)
rElec    .         Reflect  .   (no cloak)
rCorr    .         Harm     .   g - +0 pair of gloves
MR       .....                  (no boots)
Stlth    +.........             (no amulet)
Regen    0.1/turn               e - ring of fire
MPRegen  0.1/turn               (no ring)

@: singing, slowed, very slow
A: unfitting armour, cold-blooded, AC +5
a: Stomp, Renounce Religion


You were on level 3 of the Dungeon.
You worshipped Uskayaw.
Uskayaw was noncommittal.
You were not hungry.

You visited 1 branch of the dungeon, and saw 3 of its levels.

You collected 86 gold pieces.

Inventory:

Hand Weapons
 a - a +0 spear (weapon)
Armour
 g - a +0 pair of gloves (worn)
Jewellery
 e - a ring of fire (left hand)
Scrolls
 h - 2 scrolls of identify {unknown}
 i - a scroll of enchant armour {unknown}
Potions
 d - a potion of curing {unknown}
 j - a potion of flight {unknown}
 k - a potion of lignification {unknown}
Books
 b - a book of Battle

   Spells                             Type                      Level
   a - Infusion                       Charms                       1
   b - Shroud of Golubria             Charms/Translocation         2
   c - Song of Slaying                Charms                       2
   d - Spectral Weapon                Hexes/Charms                 3
   e - Regeneration                   Charms/Necromancy            3
Comestibles
 c - a bread ration
 f - a chunk of flesh


   Skills:
 * Level 3.0 Fighting
 + Level 2.2 Polearms
 + Level 2.1 Dodging
 + Level 2.2 Spellcasting
 * Level 2.9 Charms


You had 3 spell levels left.
You knew the following spells:

 Your Spells              Type           Power        Failure   Level  Hunger
a - Infusion              Chrm           #...         7%          1    #......
b - Song of Slaying       Chrm           #.......     11%         2    ###....


Dungeon Overview and Level Annotations

Branches:
Dungeon (3/15)

Altars:
Uskayaw


Innate Abilities, Weirdness & Mutations

Your plain brown scales are hard. (AC +5)
You cannot fit into any form of body armour.
You are cold-blooded and may be slowed by cold attacks.


Message History

The orc barely misses you.
You can now stomp with the beat.
You barely miss the orc wizard.
The orc wizard is heavily wounded.
The orc wizard casts a spell.
The orc wizard blinks!
You closely miss the orc wizard.
The orc wizard is heavily wounded.
The orc wizard hits you with a dagger.
The orc hits you with a flail of crushing.
The orc wizard hits you but does no damage.
You hit the orc.
Your tail-slap misses the orc.
The orc is lightly wounded.
The orc wizard hits you but does no damage.
The orc hits you but does no damage.
The orc hits you with a flail of crushing!
* * * LOW HITPOINT WARNING * * *
x2 The orc wizard gestures at you while chanting.
The magic dart hits you!
You die...

........###...#..
..####...<......#
..#..#.......##.# #
#.#.(#._.###..... ..
#.#.(#...# #.#......
#.####...###.# .....
.............# .....
...##.###...o#......
.. ........o@oo.....
# ##..###...###.....
#.. #...# o### #...#
...... ........
......... .###...##


You could see an orc wizard and 3 orcs.

Vanquished Creatures
  2 leopard geckos (D:1)
  3 giant cockroaches (D:1)
  A goblin (D:1)
  5 hobgoblins (D:1)
  3 kobolds (D:1)
  A ball python (D:2)
  2 bats (D:1)
  4 frilled lizards
  5 rats
26 creatures vanquished.

Notes
Turn   | Place    | Note
-------+----------+-------------------------------------------
     0 | D:1      | ShansongY the Draconian Skald began the quest for the Orb.
     0 | D:1      | Reached XP level 1. HP: 17/17 MP: 3/3
   253 | D:1      | Reached XP level 2. HP: 25/25 MP: 0/5
   676 | D:1      | Learned a level 2 spell: Song of Slaying
   814 | D:1      | Reached skill level 3 in Fighting
  1231 | D:2      | Reached XP level 3. HP: 30/31 MP: 6/6
  1290 | D:3      | Found a hide-covered altar of Uskayaw.
  1290 | D:3      | Noticed a dagger
  1290 | D:3      | Noticed a dagger
  1293 | D:3      | Became a worshipper of Uskayaw the Reveler
  1304 | D:3      | Reached * piety under Uskayaw
  1307 | D:3      | HP: 1/31 [orc/flail of crushing (1)]
  1307 | D:3      | Killed from afar by an orc wizard

Skill      XL: |  1  2 |
---------------+-------+-----
Fighting       | 3 |  3.0
Polearms       | |  2.2
Dodging        | |  2.1
Spellcasting   | |  2.2
Charms         | |  2.9

Action                   || total
-------------------------++-------
Melee: Spear             ||    92
       Tailslap          ||     3
 Cast: Infusion          ||     2
       Song of Slaying   ||     1
 Stab: Sleeping          ||     1
  Eat: Chunk             ||     1
Armor: Skin              ||    25
Dodge: Dodged            ||    49
